AoeStats
← SPLINTER

Arena

509585813Analyzed
1v1 RM · 4d ago on Sep 27, 2026· 27m 24s· 2 players
Game mode
Random Map
Map size
Tiny (2 player)
Population
200
Speed
Normal
Resources
Standard
Victory
Conquest
Starting age
Dark Age
Ending age
Imperial Age
RankedLock teamsTeams togetherTeam positionsShared explorationLock speedFull tech treeHidden civsTurbo modeCheats
Victory
Defeat
🇨🇭 Huns · Switzerland
1473
+19
🇧🇬 Vietnamese · Bulgaria
1528
-19
Shellrock
9:16 Feudal Age
9:43 Double-Bit Axe
9:39 Horse Collar
16:11 Castle Age
15:50 Forging
17:18 Scale Barding Armor
18:07 Bow Saw
19:03 Bloodlines
19:46 Gold Mining
23:56 Chain Barding Armor
24:50 Wheelbarrow
25:35 Iron Casting
25:20 Town Watch
SPLINTER
10:25 Feudal Age
14:27 Castle Age
13:02 Double-Bit Axe
12:59 Horse Collar
14:56 Loom
16:44 Bow Saw
19:08 Sanctity
20:44 Wheelbarrow
23:04 Heavy Plow
23:22 Stone Mining
23:23 Gold Mining
24:45 Stone Shaft Mining
25:07 Hand Cart
24:38 Town Watch
Connection lost

Rejoining the realm…

Still unreachable

The connection could not be restored.

Session expired

The server has moved on; the page needs a fresh start.